 Dungeon Crawl Stone Soup version 0.20-a0-151-g755e310 (webtiles) character file.

95 FitzyFitz the Chiller (level 4, -2/30 HPs)
             Began as a Merfolk Ice Elementalist on Nov 23, 2016.
             Was an Initiate of Sif Muna.
             Slain by an orc
             ... wielding a +0 trident
              (6 damage)
             ... on level 3 of the Dungeon.
             The game lasted 00:06:36 (2420 turns).

FitzyFitz the Chiller (Merfolk Ice Elementalist)    Turns: 2420, Time: 00:06:36

Health: -2/30      AC:  2    Str:  8    XL:     4   Next: 66%
Magic:  1/7        EV: 13    Int: 15    God:    Sif Muna [......]
Gold:   135        SH:  0    Dex: 14    Spells: 3/7 levels left

rFire  + . .     SeeInvis .     a - +0 dagger
rCold  + . .     Gourm    .     e - +0 robe
rNeg   . . .     Faith    .     (no shield)
rPois  +         Spirit   .     (no helmet)
rElec  +         Reflect  .     (no cloak)
rCorr  +         Harm     .     (no gloves)
MR     .....                    (no boots)
Stlth  +++.......               (no amulet)
                                (no ring)
                                h - ring of stealth

@: resistant, very slightly contaminated
A: change form in water, swift swim, stealthy swim
a: Renounce Religion


You were on level 3 of the Dungeon.
You worshipped Sif Muna.
Sif Muna was noncommittal.
You were not hungry.

You visited 1 branch of the dungeon, and saw 3 of its levels.

You collected 135 gold pieces.

Inventory:

Hand Weapons
 a - a +0 dagger (weapon)
 b - a +0 hunting sling
 j - a +0 short sword
Missiles
 k - 76 stones (quivered)
 n - 8 curare-tipped needles
Armour
 e - a +0 robe (worn)
 l - a +0 large shield
Jewellery
 h - a ring of stealth (left hand)
Wands
 r - a wand of disintegration (9/24)
Scrolls
 d - a scroll of amnesia {unknown}
 g - a scroll of fog {unknown}
 p - 2 scrolls of enchant weapon {unknown}
 q - 2 scrolls of identify {unknown}
 s - a scroll of remove curse {unknown}
Potions
 f - a potion of resistance
 i - a potion of magic {unknown}
 t - a potion of degeneration {unknown}
Books
 u - a book of Frost

   Spells                             Type                      Level
   a - Freeze                         Ice                          1
   b - Throw Frost                    Conjuration/Ice              2
   c - Ozocubu's Armour               Charms/Ice                   3
   d - Throw Icicle                   Conjuration/Ice              4
   e - Summon Ice Beast               Ice/Summoning                4
Comestibles
 c - 2 bread rations
 m - a meat ration


   Skills:
 - Level 2.6 Dodging
 - Level 2.1 Stealth
 - Level 2.0 Spellcasting
   Level 0.7 Conjurations
 + Level 5.7 Ice Magic


You had 3 spell levels left.
You knew the following spells:

 Your Spells              Type           Power        Failure   Level  Hunger
a - Freeze                Ice            ###.         1%          1    #......
b - Ozocubu's Armour      Chrm/Ice       ##......     24%         3    ###....


Dungeon Overview and Level Annotations

Branches:
Dungeon (3/15)

Altars:
Sif Muna


Message History

You freeze the orc priest.
The orc priest is heavily wounded.
The orc priest closely misses you.
There is a stone staircase leading up here.
It was a potion of resistance.
You feel protected. The orc priest closely misses you.
You closely miss the orc priest.
The orc priest is heavily wounded.
The orc barely misses you.
The orc priest mumbles some strange prayers to Beogh against you.
Pain shoots through your body!
* * * LOW HITPOINT WARNING * * *
You hit the orc priest.
The orc priest is severely wounded.
The orc barely misses you.
The orc priest looks encouraged for a moment.
The orc priest closely misses you.
The orc hits you from afar with a trident.
You die...

#........# ######
#........# #....#
#........# #....#
#........# #..oo#
#........# ###....#
###........#
#....$.#
#..........#
#....####..........#
#....loo@.##########
##..#####.#
###...#.....#
#....#..#####
#.#.#.....# ..
#...#...#
............#
...##..##.### ..
...# #.#


You could see an orc priest, an orc and a frilled lizard.

Vanquished Creatures
  An orc priest (D:3)
  An adder (D:2)
  6 dart slugs (D:1)
  5 bats
  9 goblins
  7 hobgoblins
  A kobold (D:1)
  3 ball pythons
  10 frilled lizards
  5 rats (D:1)
48 creatures vanquished.

Notes
Turn   | Place    | Note
-------+----------+-------------------------------------------
     0 | D:1      | FitzyFitz the Merfolk Ice Elementalist began the quest for the Orb.
     0 | D:1      | Reached XP level 1. HP: 13/13 MP: 3/3
   278 | D:1      | Reached XP level 2. HP: 19/19 MP: 5/5
   294 | D:1      | Reached skill level 4 in Ice Magic
  1466 | D:1      | Reached XP level 3. HP: 20/24 MP: 6/6
  1543 | D:1      | Learned a level 3 spell: Ozocubu's Armour
  1865 | D:2      | Found a deep blue altar of Sif Muna.
  1875 | D:2      | Reached skill level 5 in Ice Magic
  1918 | D:2      | Became a worshipper of Sif Muna the Loreminder
  2120 | D:2      | Reached XP level 4. HP: 24/30 MP: 1/7
  2420 | D:3      | Slain by an orc

Vault maps used:
D:1:      dpeg_arrival_short_road, serial_park_tiny_1
D:2:      cheibrodos_greedy_goblins, old_standard_altar, minmay_lizard_pond
D:3:      kennysheep_generic_room_11

Skill      XL: |  1  2  3 |
---------------+----------+-----
Ice Magic      | 4 5 |  5.7
Dodging        | |  2.6
Stealth        | |  2.1
Spellcasting   | |  2.0
Conjurations   | |  0.7

Action                   |  1- 3 |  4- 6 || total
-------------------------+-------+-------++-------
Melee: Dagger            |   145 |    46 ||   191
 Cast: Freeze            |    20 |     6 ||    26
       Ozocubu's Armour  |     2 |       ||     2
  Use: Potion            |       |     1 ||     1
 Stab: Sleeping          |     4 |     1 ||     5
  Eat: Chunk             |     4 |     2 ||     6
Armor: Robe              |    33 |    10 ||    43
Dodge: Dodged            |   110 |    38 ||   148
